 Dungeon Crawl Stone Soup version 0.23-a0-642-g3120c2f5a9 (webtiles) character file.

1 HereIgoKillingAgain the Ruffian (level 1, -2/18 HPs)
             Began as a Naga Transmuter on Dec 31, 2018.
             Slain by a kobold
             ... wielding a +0 short sword
              (6 damage)
             ... on level 1 of the Dungeon.
             The game lasted 00:00:11 (161 turns).

HereIgoKillingAgain the Ruffian (Naga Transmuter)    Turns: 161, Time: 00:00:12

Health: -2/18      AC:  1    Str: 12    XL:     1   Next: 20%
Magic:  2/3        EV: 10    Int: 13    God:
Gold:   12         SH:  0    Dex: 11    Spells: 3/4 levels left

rFire    . . .     SeeInvis +     - Unarmed
rCold    . . .     Gourm    .   (no shield)
rNeg     . . .     Faith    .   b - +0 robe
rPois    +         Spirit   .   (no helmet)
rElec    .         Reflect  .   (no cloak)
rCorr    .         Harm     .   (no gloves)
MR       .....                  (no barding)
Stlth    +.........             (no amulet)
HPRegen  0.06/turn              (no ring)
MPRegen  0.08/turn              (no ring)

@: very slightly contaminated, very slow
A: large, see invisible, deformed body, poison resistance, slowness 2, slow
metabolism 1, spit poison 1, AC +0
a: Spit Poison


You were on level 1 of the Dungeon.
You were not hungry.

You visited 1 branch of the dungeon, and saw 1 of its levels.

You collected 12 gold pieces.

Inventory:

Missiles
 a - 12 arrows
Armour
 b - a +0 robe (worn)
Scrolls
 c - a scroll of immolation {unknown}
Comestibles
 d - a ration


   Skills:
 + Level 1.0 Fighting
 - Level 1.5 Dodging
 + Level 3.0 Unarmed Combat
 + Level 2.0 Spellcasting
 + Level 2.0 Transmutations


You had 3 spell levels left.
You knew the following spells:

 Your Spells              Type           Power        Failure   Level  Hunger
a - Beastly Appendage     Tmut           #.....       11%         1    ##.....

Your spell library contained the following spells:

 Spells                   Type           Power        Failure   Level  Hunger
 Sticks to Snakes         Tmut           #.......     17%         2    ###....
 Spider Form              Tmut/Pois      #.........   45%         3    ####...
 Ice Form                 Ice/Tmut       #.......     86%         4    #####..
 Blade Hands              Tmut           #.........   97%         5    ######.


Dungeon Overview and Level Annotations

Branches:
Dungeon (1/15)

Altars:


Innate Abilities, Weirdness & Mutations

You cannot wear boots.
Your serpentine skin is tough. (AC +0)
You have supernaturally acute eyesight. (SInv)
Armour fits poorly on your strangely shaped body.
Your system is resistant to poisons. (rPois)
You cover ground very slowly.
You have a slow metabolism.
You can spit poison.


Message History

The leopard gecko bites you.
You completely miss the leopard gecko.
The leopard gecko is heavily wounded.
The leopard gecko bites you.
Unknown command.
You closely miss the leopard gecko.
The leopard gecko is heavily wounded.
The leopard gecko bites you.
The kobold hits you with a +0 short sword.
* * * LOW HITPOINT WARNING * * *
You are too injured to fight recklessly!
The leopard gecko closely misses you.
You aren't carrying any potions.
Casting: Beastly Appendage (safe; 11% risk of failure)
Confirm with . or Enter, or press ? or * to list all spells.
You miscast Beastly Appendage.
You are very lightly contaminated with residual magic.
Waves of light ripple over your body.
The kobold hits you with a +0 short sword.
You die...

#.........#
#.....###.#
##....# #.#
#....# #.#
#....# #.#
###### #.#
#.#
###########.#
#......lK@..#
.......r#####
........#
........#
........#
........#
........#
........#
........#


You could see a leopard gecko, a kobold and a rat.

Vanquished Creatures
  2 kobolds (D:1)
2 creatures vanquished.

Notes
Turn   | Place    | Note
-------+----------+-------------------------------------------
     0 | D:1      | HereIgoKillingAgain the Naga Transmuter began the quest for
                  | the Orb.
     0 | D:1      | Reached XP level 1. HP: 18/18 MP: 3/3
   161 | D:1      | Slain by a kobold

Vault maps used:
D:1:      lemuel_arrival_hallway, minmay_pentomino_t2

Action                   || total
-------------------------++-------
Melee: Unarmed           ||    10
Dodge: Dodged            ||     9

Table legend:
 A = Non-vault XP
 B = Vault XP
 C = Vault XP percentage of total XP
 D = Non-vault monster count
 E = Vault monster count
 F = Vault count percentage of total count
                 A         B        C        D         E       F
            +---------+---------+-------+---------+---------+-------
      Total |       2 |       0 |   0.0 |       2 |       0 |   0.0
            +---------+---------+-------+---------+---------+-------
        D:1 |       2 |       0 |   0.0 |       2 |       0 |   0.0
            +---------+---------+-------+---------+---------+-------
